 Dungeon Crawl Stone Soup version 0.30-a0-377-g5cb311bc9f (webtiles) character file.

Game seed: 11343387187684126972

82 sleeves the Poker (level 4, -2/33 HPs)
             Began as a Demonspawn Reaver on Nov 28, 2022.
             Killed by divine providence
             ... invoked by an orc priest
              (13 damage)
             ... on level 3 of the Dungeon.
             The game lasted 00:02:02 (2148 turns).

sleeves the Poker (Demonspawn Reaver)               Turns: 2148, Time: 00:02:03

Health: -2/33      AC:  4    Str: 14    XL:     4   Next: 21%
Magic:  7/7        EV: 12    Int: 14    God:
Gold:   112        SH:  0    Dex: 12    Spells: 6/7 levels left

rFire   . . .      SeeInvis +    a - +0 spear
rCold   . . .      Faith    .    (no shield)
rNeg    . . .      Spirit   .    p - +1 animal skin
rPois   .          Reflect  .    n - +0 helmet {SInv}
rElec   .          Harm     .    k - scarf {shadows}
rCorr   .          Rampage  .    (no gloves)
Will    .....                    (no boots)
Stlth   +.........               (no amulet)
HPRegen 0.25/turn                (no ring)
MPRegen 0.10/turn                (no ring)

@: no status effects
A: demonic guardian 1, foul stench 1
a: no special abilities


You were on level 3 of the Dungeon.
You visited 1 branch of the dungeon, and saw 3 of its levels.

You collected 112 gold pieces.

Inventory:

Hand Weapons
 a - a +0 spear (weapon)
Missiles
 f - 5 poisoned darts
Armour
 k - a scarf of shadows (worn)
   (You found it on level 2 of the Dungeon)
 n - a +0 helmet of see invisible (worn)
   (You took it off Robin on level 2 of the Dungeon)
 p - a +1 animal skin (worn)
   (You took it off Robin on level 2 of the Dungeon)
Scrolls
 g - 2 scrolls of identify {unknown}
 h - a scroll of blinking {unknown}
 i - 3 scrolls of enchant armour {unknown}
 l - a scroll of teleportation {unknown}
Potions
 c - a potion of ambrosia {unknown}
 d - a potion of flight {unknown}
 e - a potion of heal wounds {unknown}
 j - 2 potions of brilliance {unknown}
 m - a potion of mutation {unknown}
 o - 2 potions of cancellation {unknown}


   Skills:
 - Level 2.0 Fighting
 + Level 4.6 Polearms
 - Level 1.7 Dodging
 - Level 2.0 Spellcasting
 - Level 3.0 Conjurations


You had 6 spell levels left.
You knew the following spells:

 Your Spells              Type           Power      Damage    Failure   Level
a - Kiss of Death         Conj/Necr      20%        2d7       13%         1

Your spell library contained the following spells:

 Spells                   Type           Power      Damage    Failure   Level
 Momentum Strike          Conj/Tloc      10%        3d8       19%         2
 Ensorcelled Hibernation  Hex/Ice        2%         N/A       34%         2
 Hailstorm                Conj/Ice       5%         3d4       36%         3
 Conjure Ball Lightning   Conj/Air       2%         3x3d6     100%        6
 Ozocubu's Refrigeration  Ice            0%         4d7       100%        7


Dungeon Overview and Level Annotations

Branches:
Dungeon (3/15)

Altars:


Innate Abilities, Weirdness & Mutations

A weak demonic guardian rushes to your aid.
You may rarely emit foul miasma when damaged in melee.


Message History

No target in view!
No target in view!
No target in view!
You see here a giant cockroach corpse.
A kobold comes into view. It is wielding a +0 dagger.
Found a scroll labelled QIUFRIU EFEONO.
The kobold shouts!
A kobold is nearby!
A kobold is nearby!
You reach to attack!
You closely miss the kobold. You barely miss the kobold.
The kobold hits you with a +0 dagger.
You miss the kobold. The kobold misses you.
You hit the kobold but do no damage. The kobold closely misses you.
You hit the kobold.
The kobold is moderately wounded.
The kobold hits you but does no damage.
You miss the kobold.
The kobold is moderately wounded.
The kobold hits you with a +0 dagger.
You closely miss the kobold.
The kobold is moderately wounded.
The kobold hits you with a +0 dagger.
You closely miss the kobold.
The kobold is moderately wounded.
The kobold hits you but does no damage.
You closely miss the kobold.
The kobold is moderately wounded.
You closely miss the kobold.
The kobold is moderately wounded.
The kobold hits you but does no damage.
You miss the kobold.
The kobold is moderately wounded.
The kobold hits you with a +0 dagger.
You hit the kobold.
The kobold is severely wounded.
The kobold misses you.
You hit the kobold but do no damage.
The kobold is severely wounded.
The kobold misses you.
You closely miss the kobold.
The kobold is severely wounded.
The kobold misses you.
You barely miss the kobold.
The kobold is severely wounded.
The kobold barely misses you.
A kobold is nearby!
A kobold is nearby!
A kobold is nearby!
You hit the kobold.
You kill the kobold!
You have reached level 2!
Your demonic ancestry asserts itself...
You feel the presence of a demonic guardian.
Things that are here:
a +0 dagger; a kobold corpse
Found a stone staircase leading down.
h - a scroll labelled QIUFRIU EFEONO
There is a stone staircase leading down here.
A dart slug comes into view.
A dart slug is nearby!
You reach to attack!
You hit the dart slug.
The dart slug is heavily wounded.
The dart slug launches a dart at you. The slug dart misses you.
You reach to attack!
You hit the dart slug.
You kill the dart slug!
No target in view!
No target in view!
No target in view!
No target in view!
No target in view!
No target in view!
No target in view!
No target in view!
You see here a dart slug corpse.
You see here a dart slug corpse.
There is a stone staircase leading down here.
A frilled lizard comes into view.
The frilled lizard hisses angrily.
A frilled lizard is nearby!
A frilled lizard is nearby!
You hit the frilled lizard but do no damage.
The frilled lizard misses you.
You closely miss the frilled lizard.
The frilled lizard bites you but does no damage.
You hit the frilled lizard.
You kill the frilled lizard!
No target in view!
No target in view!
No target in view!
No target in view!
No target in view!
No target in view!
You see here a frilled lizard corpse.
You see here a frilled lizard corpse.
Things that are here:
a +0 dagger; a kobold corpse
Found a stone staircase leading down.
Found a mace.
You see here a +0 mace.
You now have 33 gold pieces (gained 17).
An endoplasm comes into view.
You reach to attack!
You hit the endoplasm.
The endoplasm is heavily wounded.
You hit the endoplasm.
You kill the endoplasm!
No target in view!
No target in view!
No target in view!
No target in view!
No target in view!
No target in view!
No target in view!
No target in view!
No target in view!
Found 5 stones.
You see here 5 stones.
A hobgoblin comes into view.
A hobgoblin is nearby!
The hobgoblin shouts!
You hit the hobgoblin.
You kill the hobgoblin!
No target in view!
No target in view!
No target in view!
No target in view!
No target in view!
No target in view!
No target in view!
No target in view!
No target in view!
No target in view!
No target in view!
A giant cockroach comes into view.
A giant cockroach is nearby!
A giant cockroach is nearby!
You reach to attack!
You hit the giant cockroach.
The giant cockroach is severely wounded.
You hit the giant cockroach.
You kill the giant cockroach!
No target in view!
No target in view!
No target in view!
No target in view!
No target in view!
No target in view!
No target in view!
No target in view!
No target in view!
No target in view!
There is an open door here.
You see here 4 stones.
You open the door.
There is an open door here.
Done exploring.
Done exploring.
Done exploring.
No target in view!
No target in view!
No target in view!
No target in view!
No target in view!
No target in view!
Done exploring.
Done exploring.
(D) Dungeon
Where to? (? - help)
There is a stone staircase leading down here.
You climb downwards.
There is a stone staircase leading up here.
You open the door.
Robin, 9 goblins and 4 hobgoblins come into view.
Robin shouts!
The goblin shouts! x3; The hobgoblin shouts!
The goblin shouts!
The hobgoblin shouts!
The goblin shouts!
The hobgoblin shouts! x2
The goblin shouts!
The goblin moves out of view. x2
You hear a shout!
There are monsters nearby!
There are monsters nearby!
The goblin shouts! x2
There is a stone staircase leading up here.
You hit the goblin.
You kill the goblin!
A hobgoblin comes into view.
Found a ring mail.
The hobgoblin shouts!
Things that are here:
a +0 dagger; a goblin corpse
There is a stone staircase leading up here.
You hit the goblin but do no damage. The goblin misses you.
The goblin hits you with a +0 club. The goblin barely misses you.
You climb upwards.
There is a stone staircase leading down here.
You hit the goblin.
You kill the goblin!
The goblin barely misses you.
You hit the goblin.
The goblin is severely wounded.
The goblin hits you but does no damage.
You closely miss the goblin.
The goblin is severely wounded.
The goblin hits you with a +0 club.
You closely miss the goblin.
The goblin is severely wounded.
The goblin barely misses you.
You closely miss the goblin.
The goblin is severely wounded.
The goblin hits you with a +0 club.
You hit the goblin.
You kill the goblin!
No target in view!
No target in view!
No target in view!
No target in view!
No target in view!
No target in view!
No target in view!
You see here a +0 club.
HP restored.
There is a stone staircase leading down here.
You climb downwards.
Level annotation: Robin
Found 15 gold pieces.
There is a stone staircase leading up here.
A ball python comes into view.
You see here 15 gold pieces.
A ball python is nearby!
A ball python is nearby!
A ball python is nearby!
The ball python hisses angrily.
You hit the ball python.
You kill the ball python!
No target in view!
No target in view!
No target in view!
No target in view!
No target in view!
You now have 48 gold pieces (gained 15).
There is a stone staircase leading up here.
Found a stone staircase leading down.
A rat comes into view.
A rat is nearby!
A rat is nearby!
You hit the rat but do no damage. Your punch misses the rat.
The rat misses you.
You barely miss the rat. The rat bites you but does no damage.
You hit the rat but do no damage. The rat bites you.
You hit the rat.
You kill the rat!
No target in view!
No target in view!
You pick up the Grimoire of the Hiemal Sky and begin reading...
You add the spells Ensorcelled Hibernation, Conjure Ball Lightning and Ozocubu's Refrigeration to your library.
i - a scroll labelled UTENNU WUIKKEORCH
There is a stone staircase leading down here.
A frilled lizard comes into view.
The frilled lizard hisses angrily.
A frilled lizard is nearby!
A frilled lizard is nearby!
Found a fuming orange potion.
You reach to attack!
You hit the frilled lizard.
You kill the frilled lizard!
No target in view!
No target in view!
No target in view!
No target in view!
No target in view!
No target in view!
An adder and a worm come into view.
The adder hisses angrily.
You see here a fuming orange potion.
There are monsters nearby!
There are monsters nearby!
You see here a fuming orange potion.
You reach to attack!
You hit the worm but do no damage. You barely miss the adder.
The adder barely misses you.
You hit the adder but do no damage. The adder barely misses you.
You hit the adder but do no damage. The adder bites you but does no damage.
You closely miss the adder. The adder misses you. The adder barely misses you.
You hit the adder.
The adder is moderately wounded.
The adder bites you.
You closely miss the adder.
The adder is moderately wounded.
The adder bites you.
You are poisoned.
The adder poisons you!
You hit the adder.
The adder is severely wounded.
You feel sick. The adder barely misses you.
You hit the adder.
You kill the adder!
You feel sick.
You have reached level 3!
Your experience leads to an increase in your attributes!
Increase (S)trength, (I)ntelligence, or (D)exterity?
You feel stronger. x2; Your demonic ancestry asserts itself...
You begin to emit a foul stench of rot and decay.
You reach to attack!
You hit the worm.
The worm is lightly wounded.
You hit the worm.
The worm is moderately wounded.
You feel sick.
You hit the worm but do no damage.
The worm is moderately wounded.
You feel sick. The worm bites you.
You emit a cloud of foul miasma!
You are too injured to fight recklessly!
You are too injured to fight recklessly!
You are too injured to fight recklessly!
You are too injured to fight recklessly!
You are too injured to fight recklessly!
You are too injured to fight recklessly!
You are too injured to fight recklessly!
You are too injured to fight recklessly!
You are too injured to fight recklessly!
You are too injured to fight recklessly!
You are too injured to fight recklessly!
You are too injured to fight recklessly!
You are too injured to fight recklessly!
You are too injured to fight recklessly!
You are too injured to fight recklessly!
You are too injured to fight recklessly!
You barely miss the worm.
The worm is moderately wounded.
You feel sick.
You are no longer poisoned.
The worm is engulfed in dark miasma.
The worm is poisoned.
The worm seems to slow down.
The worm bites you but does no damage.
You hit the worm.
The worm is moderately wounded.
You hit the worm.
The worm is heavily wounded.
The worm is no longer moving slowly.
You hit the worm but do no damage.
The worm is heavily wounded.
The worm is engulfed in dark miasma.
The worm looks even sicker.
The worm seems to slow down.
You kill the worm!
You start resting.
HP restored.
j - a fuming orange potion
Found a long sword.
You now have 60 gold pieces (gained 12).
You now have 76 gold pieces (gained 16).
An endoplasm comes into view.
An endoplasm is nearby!
The endoplasm quivers.
Found 16 gold pieces.
You reach to attack!
You hit the endoplasm.
You kill the endoplasm!
Your Polearms skill increases to level 4!
No target in view!
No target in view!
No target in view!
No target in view!
No target in view!
No target in view!
No target in view!
No target in view!
You now have 92 gold pieces (gained 16).
You now have 104 gold pieces (gained 12).
i - 2 scrolls labelled UTENNU WUIKKEORCH (gained 1)
Found a chain mail.
You see here a +0 chain mail.
You see here a +0 chain mail.
An adder comes into view.
Found a glowing dagger.
The adder barely misses you.
An adder is nearby!
You hit the adder.
The adder is heavily wounded.
The adder barely misses you.
You hit the adder but do no damage.
The adder is heavily wounded.
The adder bites you but does no damage.
You closely miss the adder.
The adder is heavily wounded.
The adder bites you but does no damage.
You barely miss the adder.
The adder is heavily wounded.
The adder closely misses you.
You closely miss the adder.
The adder is heavily wounded.
The adder bites you.
You are poisoned.
The adder poisons you! The adder closely misses you.
You hit the adder.
The adder is severely wounded.
You feel sick. The adder closely misses you.
You hit the adder but do no damage.
The adder is severely wounded.
You feel sick. The adder bites you.
You hit the adder.
You kill the adder!
You feel sick.
No target in view!
No target in view!
No target in view!
No target in view!
No target in view!
No target in view!
No target in view!
You feel sick.
You feel sick.
You are no longer poisoned.
You see here a +0 dagger of speed.
Found a stone staircase leading down.
k - a scarf of shadows
g - 2 scrolls labelled LAMNAI OCOUNN (gained 1)
A bat comes into view.
The bat barely misses you.
You reach to attack!
You hit the bat.
The bat is moderately wounded.
The bat hits you but does no damage. The bat closely misses you.
You hit the bat.
You kill the bat!
No target in view!
No target in view!
No target in view!
You start putting on your armour.
You continue putting on your scarf of shadows. x4
You finish putting on your scarf of shadows.
It gets dark.
An endoplasm comes into view.
An endoplasm is nearby!
An endoplasm is nearby!
You see here a bat corpse.
The endoplasm quivers.
You reach to attack!
You barely miss the endoplasm. You hit the endoplasm.
The endoplasm is almost dead.
The endoplasm closely misses you.
You hit the endoplasm.
You kill the endoplasm!
No target in view!
No target in view!
No target in view!
No target in view!
No target in view!
You open the door.
There is an open door here.
f - 5 poisoned darts (gained 3)
You see here the +6 sling of Drought {antimagic, rElec Stlth+}.
You open the door.
There is an open door here.
The hobgoblin shouts!
You reach to attack!
You hit the hobgoblin.
The hobgoblin is almost dead.
You hit the hobgoblin but do no damage.
The hobgoblin is almost dead.
The hobgoblin hits you.
You closely miss the hobgoblin.
The hobgoblin is almost dead.
The hobgoblin hits you.
You hit the hobgoblin.
You kill the hobgoblin!
No target in view!
No target in view!
No target in view!
No target in view!
No target in view!
No target in view!
l - a scroll labelled YSU BOCURIQU
There is an open door here.
You open the door.
There is an open door here.
There is an open door here.
As you open the door, it creaks loudly!
There is an open door here.
A hobgoblin comes into view.
The hobgoblin shouts!
You reach to attack!
You hit the hobgoblin but do no damage.
You reach to attack!
You closely miss the hobgoblin. You hit the hobgoblin.
You kill the hobgoblin!
No target in view!
No target in view!
No target in view!
No target in view!
No target in view!
No target in view!
No target in view!
No target in view!
You see here a hobgoblin corpse.
You open the door.
A quokka comes into view.
Found a fuming orange potion.
A quokka is nearby!
A quokka is nearby!
There is an open door here.
You reach to attack!
You miss the quokka. You hit the quokka but do no damage.
The quokka barely misses you.
You barely miss the quokka.
The quokka bites you but does no damage.
You hit the quokka.
The quokka is moderately wounded.
The quokka bites you but does no damage.
You hit the quokka.
The quokka is severely wounded.
The quokka closely misses you.
You barely miss the quokka.
The quokka is severely wounded.
The quokka twitches its whiskers.
The quokka barely misses you.
You closely miss the quokka.
The quokka is severely wounded.
The quokka bites you.
You hit the quokka but do no damage.
The quokka is severely wounded.
The quokka barely misses you. The quokka misses you.
You closely miss the quokka.
The quokka is severely wounded.
The quokka bites you but does no damage.
A quokka is nearby!
A quokka is nearby!
A quokka is nearby!
You hit the quokka.
You kill the quokka!
No target in view!
No target in view!
No target in view!
No target in view!
No target in view!
No target in view!
No target in view!
No target in view!
You see here a quokka corpse.
A worm comes into view.
A worm is nearby!
A worm is nearby!
You reach to attack!
You hit the worm.
The worm is lightly wounded.
You reach to attack!
You hit the worm.
The worm is heavily wounded.
You barely miss the worm.
The worm is heavily wounded.
You hit the worm but do no damage.
The worm is heavily wounded.
The worm bites you.
You barely miss the worm.
The worm is moderately wounded.
The worm closely misses you.
You hit the worm but do no damage.
The worm is moderately wounded.
You barely miss the worm.
The worm is moderately wounded.
The worm barely misses you.
You hit the worm.
The worm is moderately wounded.
You hit the worm but do no damage.
The worm is moderately wounded.
The worm bites you!
You are too injured to fight recklessly!
You are too injured to fight recklessly!
You are too injured to fight recklessly!
You are too injured to fight recklessly!
You are too injured to fight recklessly!
You are too injured to fight recklessly!
You are too injured to fight recklessly!
You are too injured to fight recklessly!
A worm is nearby!
A worm is nearby!
You hit the worm. Your punch misses the worm.
The worm is moderately wounded.
You barely miss the worm.
The worm is moderately wounded.
The worm closely misses you.
You hit the worm.
The worm is moderately wounded.
The worm misses you.
You barely miss the worm.
The worm is moderately wounded.
You hit the worm.
The worm is heavily wounded.
The worm barely misses you.
You hit the worm.
The worm is severely wounded.
You hit the worm.
The worm is almost dead.
The worm misses you.
You hit the worm.
You kill the worm!
You see here a worm corpse.
j - 2 fuming orange potions (gained 1)
You see here a worm corpse.
You open the door.
There is an open door here.
Found a stone staircase leading up.
There is a stone staircase leading up here.
Found a stone staircase leading down.
The hobgoblin shouts!
You hear an angry hiss.
A ball python comes into view.
There is a stone staircase leading down here.
You hit the hobgoblin.
The hobgoblin is severely wounded.
The hobgoblin closely misses you.
You closely miss the hobgoblin.
The hobgoblin is severely wounded.
The hobgoblin misses you.
You closely miss the hobgoblin.
The hobgoblin is severely wounded.
The ball python misses you. The ball python grabs you.
The ball python constricts you.
The hobgoblin hits you with a +0 short sword.
You hit the ball python.
The ball python is moderately wounded.
The ball python bites you. The ball python constricts you.
The hobgoblin hits you with a +0 short sword.
* * * LOW HITPOINT WARNING * * *
You are too injured to fight recklessly!
You are too injured to fight recklessly!
You are too injured to fight recklessly!
You are too injured to fight recklessly!
You are too injured to fight recklessly!
There are monsters nearby!
There are monsters nearby!
You escape the ball python's grasp.
The ball python attacks as you move away!
The ball python closely misses you. x2; The hobgoblin attacks as you move away!
The hobgoblin hits you with a +0 short sword.
* * * LOW HITPOINT WARNING * * *
You hit the hobgoblin.
You kill the hobgoblin!
You hit the ball python.
The ball python is severely wounded.
The ball python barely misses you. The ball python grabs you.
The ball python constricts you.
You completely miss the ball python. Your punch misses the ball python.
The ball python is severely wounded.
The ball python closely misses you. The ball python constricts you.
* * * LOW HITPOINT WARNING * * *
You hit the ball python.
You kill the ball python!
m - a coppery potion
i - 3 scrolls labelled UTENNU WUIKKEORCH (gained 1)
There is a stone staircase leading down, spattered with blood here.
You see here a +0 short sword.
You open the door.
There is an open door here.
You open the door.
There is an open door here.
There is a stone staircase leading up here.
Key pressed, stopping explore.
The hobgoblin shouts!
A hobgoblin is nearby!
The goblin shouts!
You hear a shout! x2
The goblin shouts!
The hobgoblin shouts!
You hear a shout! x3
You hit the hobgoblin.
The hobgoblin is severely wounded.
The hobgoblin hits you.
You emit a cloud of foul miasma!
You hit the hobgoblin.
You kill the hobgoblin!
You barely miss the goblin. The goblin closely misses you.
You hit the goblin but do no damage. The goblin hits you with a +0 club.
You barely miss the goblin. The goblin hits you but does no damage.
You closely miss the goblin. The goblin misses you.
The goblin attacks as you move away! The goblin barely misses you.
The goblin attacks as you move away! The goblin hits you with a +0 club.
The goblin attacks as you move away! The goblin hits you with a +0 club.
You hit the goblin.
You kill the goblin!
You closely miss the goblin. The goblin completely misses you.
You closely miss the goblin. The goblin hits you with a +5 dagger.
A demonic guardian appears!
You closely miss the goblin. You hit the goblin.
You kill the goblin!
You hit the goblin.
You kill the goblin!
The goblin unwields a +0 dagger.
The goblin wields a +0 sling.
The goblin shoots a sling bullet.
The sling bullet hits you.
You are too injured to fight recklessly!
You are too injured to fight recklessly!
You are too injured to fight recklessly!
You are too injured to fight recklessly!
You are too injured to fight recklessly!
You are too injured to fight recklessly!
You are too injured to fight recklessly!
You are too injured to fight recklessly!
You are too injured to fight recklessly!
You are too injured to fight recklessly!
You are too injured to fight recklessly!
You are too injured to fight recklessly!
You are too injured to fight recklessly!
You are too injured to fight recklessly!
You are too injured to fight recklessly!
You are too injured to fight recklessly!
You are too injured to fight recklessly!
You are too injured to fight recklessly!
You are too injured to fight recklessly!
You are too injured to fight recklessly!
You are too injured to fight recklessly!
You swap places.
The goblin shoots a sling bullet.
The sling bullet closely misses your iron imp.
The sling bullet barely misses you.
The goblin shoots a sling bullet.
The sling bullet hits your iron imp but does no damage.
You are too injured to fight recklessly!
You are too injured to fight recklessly!
Your iron imp barely misses the goblin.
The goblin shoots a sling bullet.
The sling bullet hits your iron imp but does no damage.
Reach: a) +0 spear
Press: ? - help, Dir - move target, f - goblin
Aim: a goblin, wielding a +0 sling (ally target, about 45% to evade your +0 spear)
You could not reach far enough!
The goblin shoots a sling bullet.
The sling bullet hits your iron imp.
Your iron imp hits the goblin.
The goblin dies!
Reach: a) +0 spear
Press: ? - help, Dir - move target, f - you That would be overly suicidal.
Okay, then.
What are your orders? t - Shout!
Orders for allies: a - Attack new target. r - Retreat! s - Stop attacking. g - Guard the area. f - Follow me.
Anything else - Cancel.
Gang up on whom?
Press: ? - help, Dir - move target, f - goblin
Aim: a goblin, wielding a +0 club (ally target) Attack!
You swap places.
The goblin closely misses you.
Items here: ))) †.
Reach: a) +0 spear
Press: ? - help, Dir - move target, f/p - goblin
Aim: a goblin, wielding a +0 club (ally target, about 45% to evade your +0 spear)
Okay, then.
You swap places.
Your iron imp hits the goblin.
The goblin dies!
Reach: a) +0 spear
Press: ? - help, Dir - move target, f - hobgoblin
Aim: a hobgoblin (about 38% to evade your +0 spear)
You could not reach far enough!
The hobgoblin hits your iron imp but does no damage.
Your iron imp hits the hobgoblin!
The hobgoblin dies!
Reach: a) +0 spear
Press: ? - help, Dir - move target, f - you That would be overly suicidal.
Okay, then.
Unknown command.
Your iron imp disappears in a puff of smoke!
Reach: a) +0 spear
Press: ? - help, Dir - move target, f - goblin
Aim: a goblin, wielding a +0 dagger (about 45% to evade your +0 spear)
You reach to attack!
You hit the goblin.
You kill the goblin!
You have reached level 4!
You feel agile.
Items here: ))) †.
You hit the hobgoblin but do no damage. You barely miss the hobgoblin.
The hobgoblin hits you.
You barely miss the hobgoblin. The hobgoblin closely misses you.
You hit the hobgoblin.
The hobgoblin is heavily wounded.
The hobgoblin barely misses you.
You hit the hobgoblin.
You kill the hobgoblin!
No target in view!
No target in view!
No target in view!
No target in view!
No target in view!
No target in view!
No target in view!
No target in view!
No target in view!
Items here: )))) †.
Robin is nearby!
Robin is nearby!
Robin is nearby!
Robin is nearby!
Robin shouts!
Items here: )))) †.
Items here: ))) †.
Robin says, "Kneel, worm!"
You open the door.
There is an open door here.
You reach to attack!
You hit Robin.
Robin is moderately wounded.
You barely miss Robin.
Robin is moderately wounded.
Robin barely misses you.
You hit Robin.
Robin is moderately wounded.
Robin hits you but does no damage.
You hit Robin but do no damage.
Robin is moderately wounded.
You hit Robin but do no damage.
Robin is moderately wounded.
Robin hits you with a +0 mace.
You hit Robin.
Robin is severely wounded.
Robin hits you but does no damage.
You hit Robin.
Robin is severely wounded.
Robin misses you.
You hit Robin but do no damage.
Robin is severely wounded.
Robin closely misses you.
You hit Robin but do no damage.
Robin is severely wounded.
Robin barely misses you.
You hit Robin.
Robin is almost dead.
Robin hits you with a +0 mace.
You hit Robin.
You kill Robin!
No target in view!
No target in view!
No target in view!
No target in view!
No target in view!
No target in view!
No target in view!
No target in view!
No target in view!
No target in view!
n - a +0 helmet of see invisible;
o - 2 inky potions You now have 112 gold pieces (gained 8).
Things that are here:
a +0 mace; a +1 animal skin; the hobgoblin corpse of Robin You start putting on your armour.
You continue putting on your +0 helmet of see invisible. x4
You finish putting on your +0 helmet of see invisible.
You feel perceptive.
You start removing your armour.
You continue taking off your +0 leather armour. x4
You finish taking off your +0 leather armour.
You start putting on your armour.
You continue putting on your +1 animal skin. x5
You finish putting on your +1 animal skin.
You drop a +0 leather armour.
There is an open door here.
There is an open door here.
There is an open door here.
There is an open door here.
Things that are here:
a +0 leather armour; a +0 mace; the hobgoblin corpse of Robin
Items here: ))) †.
Items here: )))) †.
You see here a hobgoblin corpse.
There is an open door here.
You see here a +0 ring mail.
There is an open door here.
Key pressed, stopping explore.
A rat comes into view.
A rat is nearby!
A rat is nearby!
You reach to attack!
The helpless rat fails to defend itself.
You hit the rat.
You kill the rat!
No target in view!
No target in view!
No target in view!
No target in view!
No target in view!
No target in view!
You see here a rat corpse.
There is a stone staircase leading up here.
You see here a +0 dagger.
There is an open door here.
There is an open door here.
Found a +0 helmet.
Items here: )))) ÷.
Items here: ))) ÷.
There is a stone staircase leading up here.
There is a stone staircase leading down here.
Done exploring.
Done exploring.
Done exploring.
(D) Dungeon
Where to? (Enter - D:1 @ (x,y), ? - help)
There is a stone staircase leading down here.
You climb downwards.
There is a stone staircase leading up here.
A kobold comes into view. It is wielding a +0 short sword.
The kobold shouts!
A kobold is nearby!
A kobold is nearby!
You completely miss the kobold. You hit the kobold.
The kobold is moderately wounded.
The kobold barely misses you.
You hit the kobold but do no damage.
The kobold is moderately wounded.
The kobold hits you with a +0 short sword.
You barely miss the kobold.
The kobold is moderately wounded.
The kobold barely misses you.
You barely miss the kobold.
The kobold is moderately wounded.
The kobold hits you but does no damage.
You hit the kobold.
The kobold is severely wounded.
The kobold completely misses you.
You hit the kobold but do no damage.
The kobold is severely wounded.
You closely miss the kobold.
The kobold is severely wounded.
The kobold hits you but does no damage.
You hit the kobold but do no damage.
The kobold is severely wounded.
The kobold hits you with a +0 short sword.
You barely miss the kobold.
The kobold is severely wounded.
The kobold completely misses you.
A kobold is nearby!
A kobold is nearby!
A kobold is nearby!
You closely miss the kobold.
The kobold is severely wounded.
The kobold hits you but does no damage.
You hit the kobold but do no damage.
The kobold is severely wounded.
The kobold hits you with a +0 short sword.
You hit the kobold.
You kill the kobold!
No target in view!
No target in view!
No target in view!
No target in view!
No target in view!
No target in view!
No target in view!
HP restored.
You see here a +0 short sword.
An orc priest comes into view. It is wielding a +0 falchion.
An orc priest is nearby!
An orc priest is nearby!
An orc priest is nearby!
An orc wizard comes into view. It is wielding a +0 dagger.
The orc wizard shouts!
An orc comes into view. It is wielding a +0 mace.
The orc shouts!
You hit the orc priest but do no damage.
The orc priest calls down the wrath of Beogh upon you.
Pain shoots through your body!
You hit the orc priest.
The orc priest is lightly wounded.
You hit the orc priest.
The orc priest is moderately wounded.
The orc priest misses you.
The orc wizard casts a spell.
The orc wizard flickers and vanishes for a moment.
You barely miss the orc priest.
The orc priest is moderately wounded.
The orc priest miscasts a cantrip.
You hit the orc priest but do no damage.
The orc priest is moderately wounded.
The orc priest hits you with a +0 falchion.
You barely miss the orc priest.
The orc priest is moderately wounded.
The orc priest hits you with a +0 falchion.
You hit the orc priest.
The orc priest is moderately wounded.
The orc priest closely misses you. The orc hits you with a +0 mace.
The orc wizard completely misses you.
You are too injured to fight recklessly!
You are too injured to fight recklessly!
You are too injured to fight recklessly!
You are too injured to fight recklessly!
You are too injured to fight recklessly!
You are too injured to fight recklessly!
You are too injured to fight recklessly!
You are too injured to fight recklessly!
You are too injured to fight recklessly!
You are too injured to fight recklessly!
You are too injured to fight recklessly!
You barely miss the orc priest.
The orc priest is moderately wounded.
The orc priest barely misses you.
The orc wizard hits you but does no damage.
The orc hits you with a +0 mace.
An orc comes into view. It is wielding a +0 mace.
The orc shouts!
You hit the orc priest but do no damage.
The orc priest is moderately wounded.
The orc priest misses you. The orc wizard closely misses you.
The orc barely misses you.
You hit the orc priest.
The orc priest is heavily wounded.
You hit the orc priest.
The orc priest is severely wounded.
The orc priest closely misses you. The orc hits you but does no damage.
The orc wizard hits you but does no damage.
You closely miss the orc priest.
The orc priest is severely wounded.
The orc priest hits you with a +0 falchion.
A demonic guardian appears!
You emit a cloud of foul miasma!
The orc hits you with a +0 mace!
* * * LOW HITPOINT WARNING * * *
The orc wizard closely misses you.
You hit the orc priest.
The orc priest is almost dead.
The orc priest is engulfed in dark miasma.
The orc priest is poisoned.
The orc priest calls down the wrath of Beogh upon you.
Beogh smites you!
You die...

#.#..#.#####.#
#....#.##<...# #.
.##.....####### #.
.#............
#.#.#......########
#o#.#........).....
#.#.#.....#####..##
#ooo#..............
#.@....####.#.###.#
#...##.####.#.#....
#5..##......#.#####
#...####......#
#.......#.#####
#....##.#.......
###..##.########
#..##.# #..##.#


You could see an orc priest (poisoned, ally target), an orc wizard (invisible),
2 orcs and a friendly iron imp (summoned).

Vanquished Creatures
  Robin (D:2)
  2 adders (D:2)
  2 worms (D:2)
  A dart slug (D:1)
  4 endoplasms
  2 giant cockroaches (D:1)
  8 goblins
  6 hobgoblins
  3 kobolds
  2 quokkas
  2 ball pythons (D:2)
  A bat (D:2)
  2 frilled lizards
  2 rats (D:2)
38 creatures vanquished.

Vanquished Creatures (collateral kills)
  A hobgoblin (D:2)
  2 goblins (D:2)
3 creatures vanquished.

Grand Total: 41 creatures vanquished

Notes
Turn   | Place    | Note
-------+----------+-------------------------------------------
     0 | D:1      | sleeves the Demonspawn Reaver began the quest for the Orb.
     0 | D:1      | Reached XP level 1. HP: 16/16 MP: 3/3
   143 | D:1      | HP: 7/16 [endoplasm (2)]
   146 | D:1      | Reached skill level 3 in Polearms
   265 | D:1      | Found a faded altar of an unknown god.
   478 | D:1      | Gained mutation: A weak demonic guardian rushes to your
                  | aid. [demonic ancestry]
   478 | D:1      | Reached XP level 2. HP: 18/22 MP: 5/5
   774 | D:2      | Noticed Robin
   875 | D:2      | Got the Grimoire of the Hiemal Sky
   914 | D:2      | Gained mutation: You may rarely emit foul miasma when
                  | damaged in melee. [demonic ancestry]
   914 | D:2      | Reached XP level 3. HP: 22/27 MP: 6/6
   996 | D:2      | Reached skill level 4 in Polearms
  1155 | D:2      | Identified the +6 sling of Drought {antimagic, rElec
                  | Stlth+}
  1464 | D:2      | HP: 12/27 [hobgoblin/+0 short sword (6)]
  1660 | D:2      | Reached XP level 4. HP: 24/33 MP: 7/7
  1700 | D:2      | Killed Robin
  2147 | D:3      | HP: 11/33 [orc/+0 mace (7)]
  2148 | D:3      | Killed from afar by an orc priest

Illustrated notes

Levels and vault maps discovered:
D:1:      lightli_arrival_statuegarden, layout_loops_ring,
          dreamdust_ecumenical_altar_grove
D:2:      layout_loops_corners, uniq_robin
D:3:      kennysheep_the_goblin_king, layout_basic, tso_metal_star,
          minmay_surrounded, uniq_ijyb, uniq_terence

Skill      XL: |  1  2  3 |
---------------+----------+-----
Polearms       | 3 4 |  4.6
Fighting       | |  2.0
Dodging        | |  1.7
Spellcasting   | |  2.0
Conjurations   | |  3.0

Action                   |  1- 3 |  4- 6 || total
-------------------------+-------+-------++-------
Melee: Spear             |   166 |    43 ||   209
 Stab: Sleeping          |       |     1 ||     1
Armor: Leather armour    |    22 |     2 ||    24
       Animal skin       |       |     6 ||     6
Dodge: Dodged            |    67 |    19 ||    86

Table legend: (Time is in decaauts)
 A = Elapsed time spent in this place.
 B = Non-inter-level travel time spent in this place.
 C = Inter-level travel time spent in this place.
 D = Time resting spent in this place.
 E = Time spent auto-exploring this place.
 F = Levels seen in this place.
 G = Mean time per level.
                   A        B        C        D        E       F      G
               +--------+--------+--------+--------+--------+-----+--------+
         Total |   2129 |   2046 |     83 |     49 |   1612 |   3 |  709.7 |
       Dungeon |   2129 |   2046 |     83 |     49 |   1612 |   3 |  709.7 |
               +--------+--------+--------+--------+--------+-----+--------+

Top non-repeatable levels by time:
     D:2: 1198 daAuts
     D:1: 832 daAuts
     D:3: 98 daAuts
